 Dungeon Crawl Stone Soup version 0.28.0-45-g0d030f2227 (webtiles) character file.

Game seed: 3399081838101050050

9 McKennaii the Conjurer (level 2, 8/19 HPs)
             Began as a Demonspawn Conjurer on Apr 14, 2022.
             Quit the game on level 1 of the Dungeon.
             The game lasted 00:00:16 (298 turns).

McKennaii the Conjurer (Demonspawn Conjurer)         Turns: 298, Time: 00:00:17

Health: 8/19       AC:  2    Str:  7    XL:     2   Next: 3%
Magic:  0/5        EV: 14    Int: 19    God:
Gold:   0          SH:  0    Dex: 11    Spells: 4/5 levels left

rFire   . . .      SeeInvis .   (no weapon)
rCold   . . .      Faith    .   (no shield)
rNeg    . . .      Spirit   .   a - +0 robe
rPois   .          Reflect  .   (no helmet)
rElec   .          Harm     .   (no cloak)
rCorr   .          Rampage  .   (no gloves)
Will    .....                   (no boots)
Stlth   ++........              (no amulet)
HPRegen 0.06/turn               (no ring)
MPRegen 0.09/turn               (no ring)

@: no status effects
A: repulsion field 1
a: no special abilities


You were on level 1 of the Dungeon.
You visited 1 branch of the dungeon, and saw 1 of its levels.

Inventory:

Armour
 a - a +0 robe (worn)
Potions
 b - a potion of might {unknown}


   Skills:
 - Level 1.7 Dodging
 - Level 1.7 Stealth
 + Level 2.3 Spellcasting
 + Level 4.2 Conjurations


You had 4 spell levels left.
You knew the following spells:

 Your Spells              Type           Power      Damage    Failure   Level
a - Magic Dart            Conj           72%        1d6       2%          1

Your spell library contained the following spells:

 Spells                   Type           Power      Damage    Failure   Level
 Searing Ray              Conj           36%        2d5       4%          2
 Dazzling Flash           Conj/Hex       20%        N/A       21%         3
 Scorch                   Fire           4%         2d5       24%         2
 Flame Wave               Conj/Fire      10%        2d5       56%         4
 Fulminant Prism          Conj/Hex       5%         3d7       56%         4
 Iskenderun's Mystic Bla  Conj/Tloc      10%        2d4       56%         4
 Summon Cactus Giant      Summ           1%         N/A       100%        6


Dungeon Overview and Level Annotations

Branches:
Dungeon (1/15)

Altars:


Innate Abilities, Weirdness & Mutations

You are surrounded by a mild repulsion field. (EV +2)


Message History

The dart slug bites you but does no damage.
You are too depleted to draw on your mana recklessly!
You hit the dart slug but do no damage.
The dart slug is almost dead.
A dart slug is nearby!
You barely miss the dart slug.
The dart slug is almost dead.
The dart slug bites you.
You are too depleted to draw on your mana recklessly!
A dart slug is nearby!
You hit the dart slug but do no damage.
The dart slug is almost dead.
The dart slug barely misses you.
You are too depleted to draw on your mana recklessly!
You hit the dart slug but do no damage.
The dart slug is almost dead.
A dart slug is nearby!
You hit the dart slug but do no damage.
The dart slug is almost dead.
The dart slug bites you.
You are too depleted to draw on your mana recklessly!
You hit the dart slug but do no damage.
The dart slug is almost dead.
The dart slug launches a dart at you. The slug dart hits you.
A dart slug is nearby!
You are too injured to fight recklessly!
You are too injured to fight recklessly!
You are too injured to fight recklessly!
A dart slug is nearby!
You are too injured to fight recklessly!
You are too injured to fight recklessly!
You are too injured to fight recklessly!
You are too injured to fight recklessly!
You hit the dart slug.
You kill the dart slug!
You have reached level 2!
Your demonic ancestry asserts itself...
You begin to radiate repulsive energy.
Are you sure you want to abandon this character and quit the game? (Confirm with "yes".)

### ##.########
#.........#########
##.######.#........
#@...............#
#$†#####....#####.#
##.# #..#.....[..#
##. #.....#####.# #
#.#...# #.# #.#####
#.# #. #.# #.
########..
.........#


There were no monsters in sight!

Vanquished Creatures
  2 dart slugs (D:1)
  A quokka (D:1)
  2 ball pythons (D:1)
5 creatures vanquished.

Notes
Turn   | Place    | Note
-------+----------+-------------------------------------------
     0 | D:1      | McKennaii the Demonspawn Conjurer began the quest for the
                  | Orb.
     0 | D:1      | Reached XP level 1. HP: 13/13 MP: 3/3
   298 | D:1      | Gained mutation: You are surrounded by a mild repulsion
                  | field. (EV +2) [demonic ancestry]
   298 | D:1      | Reached XP level 2. HP: 8/19 MP: 0/5
   298 | D:1      | Quit the game

Illustrated notes

Levels and vault maps discovered:
D:1:      psy_arrival_basics, layout_loops_ring

Action                   || total
-------------------------++-------
Melee: Unarmed           ||    18
 Cast: Magic Dart        ||    11
Armor: Robe              ||     1
Dodge: Dodged            ||     8
